 Dungeon Crawl Stone Soup version 0.31.0-11-ge490571c62 (webtiles) character file.

Game seed: 18414514012436849982

84 qw the Shooter (level 4, -2/25 HPs)
             Began as a Deep Elf Hunter on Feb 4, 2024.
             Slain by a ribbon worm (7 damage)
             ... on level 3 of the Dungeon.
             The game lasted 00:00:07 (1361 turns).

qw the Shooter (Deep Elf Hunter)                    Turns: 1361, Time: 00:00:07

Health: -2/25      AC:  7    Str: 10    XL:     4   Next: 23%
Magic:  6/6        EV:  6    Int: 14    God:
Gold:   98         SH:  0    Dex: 18    Spells: 3/3 levels left

rFire   . . .        a - +1 shortbow
rCold   . . .        (shield currently unavailable)
rNeg    . . .        d - +0 ring mail
rPois   .            (no helmet)
rElec   .            i - +1 cloak
rCorr   .            (no gloves)
SInv    .            (no boots)
Will    .....        (no amulet)
Stlth   +            (no ring)
HPRegen 0.24/turn    (no ring)
MPRegen 0.10/turn

%: no passive effects
@: held
A: no striking features
a: no special abilities


You were on level 3 of the Dungeon.
You visited 1 branch of the dungeon, and saw 3 of its levels.

You collected 98 gold pieces.


   Skills:
 - Level 1.5 Fighting
 + Level 7.6 Ranged Weapons
 - Level 2.4 Dodging
 - Level 1.2 Stealth


You had 3 spell levels left.
You didn't know any spells.
Your spell library was empty.

Inventory:

Hand Weapons
 a - a +1 shortbow (weapon)
Armour
 d - a +0 ring mail (worn)
 i - a +1 cloak (worn)
Scrolls
 f - a scroll of teleportation {unknown}
 g - a scroll of identify
Potions
 b - 2 potions of curing
 c - a potion of lignification {unknown}

Dungeon Overview and Level Annotations

Branches:
Dungeon (3/15)

Altars:

Shops:
D:1 [


Message History

The ribbon worm closely misses you. The orc barely misses you.
The orc hits you with a +0 whip. The ribbon worm barely misses you.
The orc barely misses you.
The ribbon worm bites you but does no damage.
The orc hits you with a +0 whip. The ribbon worm bites you.
The orc barely misses you.
The ribbon worm expels a string of sticky webbing.
The stream of webbing hits you but does no damage.
You are even more entangled.
The orc barely misses you. The orc hits you with a +0 whip.
The ribbon worm barely misses you. The orc hits you but does no damage.
The ribbon worm barely misses you. The orc hits you but does no damage.
The ribbon worm bites you. The orc hits you but does no damage.
The ribbon worm expels a string of sticky webbing.
The stream of webbing hits you but does no damage.
You are even more entangled.
The orc hits you but does no damage.
The web tears apart.
The orc barely misses you.
The ribbon worm bites you but does no damage.
You shoot an arrow. The arrow barely misses the orc.
The orc hits you but does no damage.
The ribbon worm expels a string of sticky webbing.
The stream of webbing misses you.
You shoot an arrow. The arrow hits the orc.
The orc is almost dead.
The orc closely misses you.
The ribbon worm bites you but does no damage.
You shoot an arrow. The arrow closely misses the orc.
The orc hits you with a +0 whip. The ribbon worm barely misses you.
You shoot an arrow.
The arrow hits the orc but does no damage.
The orc is almost dead.
The orc hits you with a +0 whip. The orc closely misses you.
The ribbon worm expels a string of sticky webbing.
The stream of webbing hits you but does no damage.
You are caught in a web!
The orc hits you with a +0 whip. The ribbon worm bites you.
The orc hits you but does no damage. The ribbon worm bites you!
You die...

########.............
#.....##.###.......#.
#.....##.# #.#####?#
###.....##.# #..### ..
###........[.####...# .
#...#...........###.###..
##.###.........%..........
#..# #......####..........
###.## ####@o.# #.....<#....
#...##.....w......####..#..#
#.####..........### #....##
#.# #..........# ..%.... #.#
#####.#####.. ###.### ### #)
## .# .. .# .. ..


You could see a ribbon worm (catching breath) and an orc.

Vanquished Creatures
  An orc wizard (D:3)
  An adder (D:2)
  3 dart slugs (D:1)
  A ribbon worm (D:2)
  An orc (D:3)
  7 ball pythons
  An endoplasm (D:1)
  2 giant cockroaches
  4 goblins
  4 hobgoblins
  A kobold (D:1)
  2 quokkas (D:2)
  5 bats
  A frilled lizard (D:1)
  5 rats
39 creatures vanquished.

Notes
Turn   | Place    | Note
-------+----------+-------------------------------------------
     0 | D:1      | qw the Deep Elf Hunter began the quest for the Orb.
     0 | D:1      | Reached XP level 1. HP: 12/12 MP: 3/3
     0 | D:1      | 0 ||| qw: Version: 0.3-a-160-g6735b56
     0 | D:1      | 0 ||| qw: Game counter: 6103
     0 | D:1      | 0 ||| qw: Melee chars always use a shield: true
     0 | D:1      | 0 ||| qw: God list: Okawaru
     0 | D:1      | 0 ||| qw: Allow faded altars: false
     0 | D:1      | 0 ||| qw: Do Orc after clearing Dungeon:15 true
     0 | D:1      | 0 ||| qw: Do second Lair branch before Depths: true
     0 | D:1      | 0 ||| qw: Lair rune preference: random
     0 | D:1      | 0 ||| qw: Goals: Normal
     0 | D:1      | 0 ||| PLANNING D:1-11
   100 | D:1      | Reached skill level 6 in Ranged Weapons
   100 | D:1      | Reached XP level 2. HP: 16/16 MP: 4/4
   448 | D:1      | Found Avu Xegg's Antique Armour Boutique.
   458 | D:1      | 458 ||| SHOPLISTING cloak (85 gold, have 60).
   458 | D:1      | 458 ||| SHOPLISTING pair of gloves (85 gold, have 60).
   458 | D:1      | 458 ||| SHOPLISTING pair of pitted gloves (180 gold, have
                  | 60).
   458 | D:1      | 458 ||| SHOPLISTING slimy ring mail (171 gold, have 60).
   676 | D:1      | 676 ||| UPGRADING to +0 ring mail.
   686 | D:1      | 686 ||| DROPPING +0 leather armour.
   687 | D:1      | 687 ||| READING scroll labelled NOSSETOEPO.
   687 | D:1      | 687 ||| IDENTIFYING murky orange potion
   688 | D:1      | 688 ||| READING scroll labelled WOREUKL VYEPH.
   689 | D:1      | 689 ||| DRINKING 2 black potions.
   690 | D:1      | 690 ||| DRINKING dark potion.
   699 | D:1      | 699 ||| DROPPING scroll of butterflies.
   700 | D:1      | 700 ||| DROPPING potion of ambrosia.
   793 | D:2      | Reached XP level 3. HP: 16/20 MP: 5/5
  1011 | D:2      | Reached skill level 7 in Ranged Weapons
  1106 | D:2      | Found a faded altar of an unknown god.
  1195 | D:2      | 1195 ||| UPGRADING to +0 cloak.
  1200 | D:2      | 1200 ||| READING 2 scrolls labelled PIAFAQ HOBO.
  1201 | D:2      | 1201 ||| READING scroll labelled POLUBA PUDUNU.
  1201 | D:2      | 1201 ||| ENCHANTING +0 shortbow.
  1202 | D:2      | 1202 ||| READING scroll labelled TEPPAT CEIMU.
  1202 | D:2      | 1202 ||| ENCHANTING +0 cloak.
  1203 | D:2      | 1203 ||| READING scroll labelled KATTIP NYTT.
  1204 | D:2      | 1204 ||| DRINKING 2 red potions.
  1205 | D:2      | 1205 ||| DROPPING scroll of blinking.
  1324 | D:3      | Reached XP level 4. HP: 25/25 MP: 6/6
  1340 | D:3      | HP: 6/25 [orc/+0 whip (4)]
  1341 | D:3      | 1341 ||| DRINKING potion of heal wounds.
  1360 | D:3      | HP: 5/25 [ribbon worm (5)]
  1361 | D:3      | Slain by a ribbon worm

Levels and vault maps discovered:
D:1:      amcnicky_arrival_double_pillar, layout_loops_ring, serial_shops,
          nicolae_shop_tiny_glass, kennysheep_boxes
D:2:      layout_rooms, shapermc_ecumenical_altar_mp_highgroup, serial_aquarium,
          aquarium_bridge_island_large [aquarium_subvault_large_open,
          aquarium_subvault_wall, aquarium_subvault_bridge,
          aquarium_subvault_bridge, aquarium_subvault_balcony],
          aquarium_window_2, aquarium_window_2, aquarium_window_2,
          aquarium_view_2a, aquarium_pool_side
D:3:      layout_rooms, okawaru_ov_weapons_minmay

Skill      XL: |  1  2  3 |
---------------+----------+-----
Ranged Weapons | 6 7 |  7.6
Fighting       | |  1.5
Dodging        | |  2.4
Stealth        | |  1.2

Action                     |  1- 3 |  4- 6 || total
---------------------------+-------+-------++-------
   Fire: Shortbow          |   118 |    12 ||   130
    Use: Scroll            |     6 |       ||     6
         Potion            |     3 |     1 ||     4
 Armour: Ring mail         |    12 |    33 ||    45
         Leather armour    |     3 |       ||     3
  Dodge: Dodged            |    26 |    24 ||    50

Table legend:
 A = Non-vault XP
 B = Vault XP
 C = Vault XP percentage of total XP
 D = Non-vault monster count
 E = Vault monster count
 F = Vault count percentage of total count
                 A         B        C        D         E       F
            +---------+---------+-------+---------+---------+-------
      Total |     120 |       0 |   0.0 |      39 |       0 |   0.0
            +---------+---------+-------+---------+---------+-------
        D:1 |      35 |       0 |   0.0 |      17 |       0 |   0.0
        D:2 |      43 |       0 |   0.0 |      17 |       0 |   0.0
        D:3 |      42 |       0 |   0.0 |       5 |       0 |   0.0
            +---------+---------+-------+---------+---------+-------
